 Dungeon Crawl Stone Soup version 0.31.0-10-gcf4a605ca0 (webtiles) character file.

Game seed: 2230865754670117925

618 ymhsbmbesitwf the Magician (level 7, -6/38 HPs)
             Began as a Deep Elf Hedge Wizard on Jan 25, 2024.
             Was a Believer of the Shining One.
             Mangled by Duvessa
             ... wielding a +0 short sword
              (15 damage)
             ... on level 5 of the Dungeon.
             The game lasted 00:15:52 (3829 turns).

ymhsbmbesitwf the Magician (Deep Elf Hedge Wizard)  Turns: 3829, Time: 00:15:54

Health: -6/38      AC:  6    Str:  7    XL:     7   Next: 21%
Magic:  17/25      EV: 13    Int: 21    God:    the Shining One [**....]
Gold:   219        SH:  0    Dex: 14    Spells: 11/16 levels left

rFire   . . .        g - staff of conjuration
rCold   . . .        (no shield)
rNeg    + . .        b - +0 robe
rPois   .            k - +1 helmet
rElec   .            w - +0 cloak
rCorr   .            (no gloves)
SInv    .            a - +0 pair of boots
Will    .....        (no amulet)
Stlth   +            q - ring of magical power
HPRegen 0.26/turn    (no ring)
MPRegen 0.19/turn

%: no passive effects
@: glowing
A: no striking features
a: Renounce Religion, Divine Shield


You were on level 5 of the Dungeon.
You worshipped the Shining One.
The Shining One was pleased with you.
You visited 1 branch of the dungeon, and saw 5 of its levels.

You collected 219 gold pieces.

Inventory:

Armour
 a - a +0 pair of boots (worn)
 b - a +0 robe (worn)
 c - a +0 hat
 k - a +1 helmet (worn)
 w - a +0 cloak (worn)
Magical Staves
 g - a staff of conjuration (weapon)
Jewellery
 q - a ring of magical power (left hand)
Wands
 l - a wand of quicksilver (6)
Scrolls
 f - 4 scrolls of identify
 h - a scroll of teleportation
 m - a scroll of silence
 n - 2 scrolls of blinking {unknown}
 p - a scroll of revelation {unknown}
 r - a scroll of vulnerability {unknown}
 u - 2 scrolls of fear {unknown}
 v - a scroll of noise {unknown}
Potions
 d - a potion of magic
 e - a potion of heal wounds
 i - 2 potions of resistance
 j - 4 potions of curing
 o - a potion of brilliance {unknown}
 s - a potion of mutation {unknown}
 t - 2 potions of berserk rage {unknown}


   Skills:
 - Level 1.0 Fighting
 - Level 1.0 Armour
 - Level 3.0 Dodging
 - Level 2.4 Stealth
 + Level 5.2 Spellcasting
 * Level 5.2 Conjurations
 - Level 1.1 Summonings
 - Level 1.1 Translocations
 * Level 4.9 Air Magic


You had 11 spell levels left.
You knew the following spells:

 Your Spells              Type           Power      Damage    Failure   Level
a - Magic Dart            Conj           100%       1d8       1%          1
b - Shock                 Conj/Air       100%       1d9       1%          1
c - Swiftness             Air            26%        N/A       4%          3

Your spell library contained the following spells:

 Spells                   Type           Power      Damage    Failure   Level
 Kiss of Death            Conj/Necr      96%        2d12      3%          1
 Sting                    Conj/Alch      96%        1d9       3%          1
 Mephitic Cloud           Conj/Alch/Air  29%        N/A       8%          3
 Cigotuvi's Dreadful Rot  Necr/Alch/Air  24%        N/A       9%          2
 Slow                     Hex            20%        N/A       11%         1
 Blink                    Tloc           20%        N/A       11%         2
 Call Imp                 Summ           20%        N/A       11%         2
 Hailstorm                Conj/Ice       24%        3d7       11%         3
 Airstrike                Air            13%        2d(2-18)  14%         4
 Summon Ice Beast         Ice/Summ       7%         N/A       26%         3
 Confusing Touch          Hex            5%         N/A       32%         3
 Fugue of the Fallen      Necr           5%         N/A       32%         3
 Inner Flame              Hex/Fire       5%         N/A       32%         3
 Ozocubu's Armour         Ice            5%         N/A       32%         3
 Manifold Assault         Tloc           10%        N/A       56%         4
 Irradiate                Conj/Alch      12%        3d15      69%         5
 Dispel Undead            Necr           5%         3d7       71%         4
 Sticky Flame             Fire/Alch      5%         2d4       71%         4
 Starburst                Conj/Fire      12%        6d5       99%         6
 Sculpt Simulacrum        Ice/Alch       2%         N/A       100%        6
 Ignition                 Fire           2%         3d3       100%        8


Dungeon Overview and Level Annotations

Branches:
Dungeon (5/15)
 Temple: D:4-7

Altars:
The Shining One

Annotations:
D:5 Duvessa, Prince Ribbit


Message History

You feel a surge of power!
The zap hits Duvessa.
Duvessa is heavily wounded.
You feel a surge of power!
The zap misses Duvessa.
Duvessa closely misses you. Duvessa hits you with a +0 short sword.
You feel a surge of power!
The zap hits Duvessa.
Duvessa is heavily wounded.
The zap hits Dowan.
Dowan is heavily wounded.
The zap hits Dowan.
Dowan is heavily wounded.
Duvessa hits you but does no damage.
You feel a surge of power!
The zap hits Duvessa!
Duvessa is almost dead.
The zap hits Dowan.
Dowan is almost dead.
The zap hits Dowan.
You kill Dowan!
Duvessa screams in rage.
Duvessa goes berserk!
Duvessa hits you with a +0 short sword! Duvessa barely misses you.
Unknown command.
You are too injured to fight recklessly!
Casting: Shock (safe; 1% risk of failure)
Confirm with . or Enter, or press ? or * to list all spells.
Aiming: Shock (safe; 1% risk of failure)
Press: ? - help, Shift-Dir - straight line, f/p - Duvessa
Aim: Duvessa, wielding a +0 short sword and wearing a +0 scale mail (severely wounded, berserk, fast, haloed, 87% to hit)
You feel a surge of power!
The zap hits Duvessa.
Duvessa is severely wounded.
Duvessa hits you with a +0 short sword!
* * * LOW HITPOINT WARNING * * *
Casting: Shock (safe; 1% risk of failure)
Confirm with . or Enter, or press ? or * to list all spells.
Aiming: Shock (safe; 1% risk of failure)
Press: ? - help, Shift-Dir - straight line, f/p - Duvessa
Aim: Duvessa, wielding a +0 short sword and wearing a +0 scale mail (severely wounded, berserk, fast, haloed, 87% to hit)
You feel a surge of power!
The zap hits Duvessa.
Duvessa is almost dead.
Duvessa closely misses you. Duvessa hits you with a +0 short sword!
You die...

####.# #..# #.<..## ##..#
##.....##...# #......#.e#
##### ##........## ###...##
#.......#.## ##.......
#........#)# #.).###..
##......##e## #..##[##.
##...#####@# ###....##.
##### #.### #.######..
#####..#####.........
#####..................##
##..........##.......####.
#.............#######.....
##....<...............####.
#...............#........##
#..............###.........


You could see Duvessa (berserk, fast).

Vanquished Creatures
  A phantom (D:5)
  2 scorpions
  Dowan (D:5)
  A jelly (D:5)
  A hound (D:3)
  Crazy Yiuf (D:4)
  2 orc priests (D:4)
  Ijyb (D:3)
  An iguana (D:5)
  An orc wizard (D:5)
  Robin (D:3)
  3 adders
  A shadow imp (D:5)
  3 ribbon worms
  2 dart slugs
  11 orcs
  6 bats
  9 endoplasms
  2 giant cockroaches
  8 goblins
  6 hobgoblins
  5 jackals
  8 kobolds
  6 quokkas
  6 ball pythons
  5 rats
94 creatures vanquished.

Notes
Turn   | Place    | Note
-------+----------+-------------------------------------------
     0 | D:1      | ymhsbmbesitwf the Deep Elf Hedge Wizard began the quest for
                  | the Orb.
     0 | D:1      | Reached XP level 1. HP: 10/10 MP: 7/7
   264 | D:1      | Reached XP level 2. HP: 15/15 MP: 5/9
   332 | D:1      | Found a faded altar of an unknown god.
   622 | D:2      | Found a glowing golden altar of the Shining One.
   630 | D:2      | Became a worshipper of the Shining One
   975 | D:2      | Reached XP level 3. HP: 19/19 MP: 1/10
  1138 | D:2      | Learned a level 1 spell: Shock
  1626 | D:3      | Reached skill level 1 in Air Magic
  1797 | D:3      | Noticed Ijyb
  1797 | D:3      | Noticed Robin
  1826 | D:2      | Reached XP level 4. HP: 8/24 MP: 8/12
  1934 | D:3      | Killed Robin
  2002 | D:3      | Killed Ijyb
  2102 | D:3      | Reached * piety under the Shining One
  2113 | D:3      | Reached XP level 5. HP: 19/28 MP: 2/13
  2728 | D:4      | Reached XP level 6. HP: 20/33 MP: 2/14
  3031 | D:4      | Got the Compendium of Formulae and the Blaze
  3041 | D:4      | Learned a level 3 spell: Swiftness
  3274 | D:4      | Found a runed translucent door.
  3275 | D:4      | Noticed Crazy Yiuf
  3279 | D:4      | Paralysed by Crazy Yiuf for 1 turns
  3281 | D:4      | Killed Crazy Yiuf
  3384 | D:5      | Entered Level 5 of the Dungeon
  3439 | D:5      | Reached skill level 1 in Armour
  3493 | D:5      | Reached skill level 1 in Fighting
  3545 | D:5      | Reached skill level 5 in Spellcasting
  3597 | D:5      | Reached skill level 5 in Conjurations
  3597 | D:5      | Reached XP level 7. HP: 17/38 MP: 16/16
  3724 | D:5      | Noticed Dowan
  3726 | D:5      | Noticed Duvessa
  3765 | D:5      | Noticed Prince Ribbit
  3765 | D:5      | Reached ** piety under the Shining One
  3827 | D:5      | Killed Dowan
  3829 | D:5      | Mangled by Duvessa

Illustrated notes

Levels and vault maps discovered:
D:1:      onia_arrival_handbag, layout_rooms,
          hellmonk_ecumenical_altar_arch_garden
D:2:      layout_basic, basic_altar, wad_floor_pattern_1, chequers_arboretum,
          minmay_distorted
D:3:      layout_rooms, kennysheep_cluttered_room, nicolae_goblin_pals
D:4:      layout_basic, uniq_crazy_yiuf_cottage
D:5:      layout_cave_pods, temple_statues, minmay_puff, uniq_eustachio,
          uniq_prince_ribbit1, uniq_duvessa

Skill      XL: |  1  2  3  4  5  6 |
---------------+-------------------+-----
Conjurations   | 2 3 4 5 |  5.2
Air Magic      | 1 3 4 |  4.9
Armour         | 1 |  1.0
Dodging        | 3 |  3.0
Fighting       | 1 |  1.0
Spellcasting   | 5 |  5.2
Stealth        | |  2.4
Summonings     | |  1.1
Translocations | |  1.1

Action                     |  1- 3 |  4- 6 |  7- 9 || total
---------------------------+-------+-------+-------++-------
  Melee: Staff             |     2 |       |       ||     2
   Cast: Magic Dart        |    91 |    29 |     1 ||   121
         Shock             |       |   100 |    14 ||   114
    Use: Scroll            |       |     5 |       ||     5
 Armour: Robe              |    15 |    46 |     7 ||    68
  Dodge: Dodged            |    16 |    38 |     4 ||    58
